 Dungeon Crawl Stone Soup version 0.30.1 (webtiles) character file.

Game seed: 12225917268719362996

605 Graphine the Sneak (level 7, -1/43 HPs)
             Began as a Kobold Brigand on July 4, 2023.
             Was an Initiate of Wu Jian.
             Slain by an iguana (10 damage)
             ... on level 5 of the Dungeon.
             The game lasted 00:07:23 (3947 turns).

Graphine the Sneak (Kobold Brigand)                 Turns: 3947, Time: 00:07:24

Health: -1/43      AC:  5    Str:  8    XL:     7   Next: 70%
Magic:  7/7        EV: 16    Int: 12    God:    Wu Jian [......]
Gold:   2          SH:  0    Dex: 19    Spells: 6/6 levels left

rFire   . . .        a - +3 dagger "Syirah" {elec, rCorr Stlth+}
rCold   . . .        (no shield)
rNeg    + . .        b - +0 robe
rPois   .            r - +0 helmet
rElec   .            w - scarf {shadows}
rCorr   +            k - +1 pair of gloves
SInv    .            (no boots)
Will    .....        (no amulet)
Stlth   ++++++       o - ring of positive energy
HPRegen 0.27/turn    (no ring)
MPRegen 0.10/turn

%: no passive effects
@: about to teleport
A: small, no large weapons, nightstalker 3
a: Renounce Religion


You were on level 5 of the Dungeon.
You worshipped Wu Jian.
Wu Jian was noncommittal.
You visited 2 branches of the dungeon, and saw 6 of its levels.

You collected 265 gold pieces.
You spent 263 gold pieces at shops.

Inventory:

Hand Weapons
 a - the +3 dagger "Syirah" (weapon) {elec, rCorr Stlth+}
   (You bought it in a shop on level 1 of the Dungeon)

   rCorr:     It protects you from acid and corrosion.
   Stlth:     It makes you more stealthy.
 u - a +3 short sword of venom
Missiles
 d - 9 poisoned darts (quivered)
 e - 3 curare-tipped darts
 g - 5 boomerangs
 t - 5 boomerangs of dispersal
Armour
 b - a +0 robe (worn)
 k - a +1 pair of gloves (worn)
 r - a +0 helmet (worn)
 w - a scarf of shadows (worn)
Jewellery
 f - an amulet of faith
 o - a ring of positive energy (left hand)
Scrolls
 h - a scroll of amnesia {unknown}
 l - 2 scrolls of teleportation
 v - a scroll of identify
Potions
 i - a potion of heal wounds
 j - a potion of haste
 m - a potion of flight {unknown}
 n - 3 potions of curing
 p - a potion of brilliance
 q - a potion of lignification {unknown}
 s - a potion of resistance {unknown}


   Skills:
 + Level 4.2 Fighting
 + Level 5.2 Short Blades
 + Level 4.3 Throwing
 + Level 4.2 Dodging
 + Level 7.2 Stealth


You had 6 spell levels left.
You didn't know any spells.
Your spell library contained the following spells:

 Spells                   Type           Power      Damage    Failure   Level
 Sting                    Tmut/Pois      0%         1d3       32%         1
 Poisonous Vapours        Pois/Air       0%         N/A       45%         2
 Olgreb's Toxic Radiance  Pois           0%         N/A       97%         4


Dungeon Overview and Level Annotations

Branches:
Dungeon (5/15)             Temple (1/1) D:4

Altars:
Cheibriados
Dithmenos
Elyvilon
Hepliaklqana
Okawaru
Qazlal
Ru
Sif Muna
Trog
Uskayaw
Vehumet
Wu Jian
The Shining One

Shops:
D:1 [[=(:


Innate Abilities, Weirdness & Mutations

You are small and have problems with some larger weapons.
You are completely attuned to the shadows.


Message History

The iguana is heavily wounded.
You closely miss the iguana.
The iguana is heavily wounded.
The gnoll barely misses you. The iguana completely misses you.
You closely miss the iguana.
The iguana is heavily wounded.
The gnoll closely misses you. The iguana bites you.
You are too injured to fight recklessly!
You hit the iguana.
The iguana is heavily wounded.
The gnoll misses you. The iguana barely misses you.
You hit the iguana but do no damage.
The iguana is heavily wounded.
You hit the iguana.
The iguana is heavily wounded.
The gnoll closely misses you. The iguana barely misses you.
You lunge at the gnoll.
You hit the gnoll.
The gnoll is lightly wounded.
The gnoll hits you with a +0 spear. The iguana closely misses you.
You hit the gnoll but do no damage.
The gnoll is lightly wounded.
The iguana barely misses you. The gnoll barely misses you.
You hit the gnoll. Lightning courses through the gnoll!!
You kill the gnoll!
The Council accepts your kill. The iguana bites you.
You closely miss the iguana.
The iguana is heavily wounded.
An adder comes into view.
You barely miss the iguana.
The iguana is heavily wounded.
The iguana bites you.
* * * LOW HITPOINT WARNING * * *
The adder hisses angrily.
You hit the iguana but do no damage.
The iguana is heavily wounded.
The iguana barely misses you.
As you read the scroll of teleportation, it crumbles to dust.
You feel strangely unstable. The iguana bites you!
You die...

####. ..
.S..#
#.##l#.#
#..)@)..
#....##.
#.....#
#...#.#
#.....#
#####.###
...<.....
..###....
≈ #####


You could see an iguana and an adder.

Vanquished Creatures
  The ghost of GeoRichter the Grave Robber, an amateur DsNe (D:4)
  A water moccasin (D:4)
  An ogre (D:4)
  A phantom (D:4)
  A scorpion (D:4)
  2 iguanas
  2 adders
  3 gnolls (D:5)
  3 worms
  A dart slug (D:4)
  4 orcs (D:3)
  7 endoplasms
  5 giant cockroaches
  3 goblins
  7 hobgoblins
  5 jackals
  6 kobolds
  A quokka (D:1)
  7 ball pythons
  4 bats
  3 frilled lizards
  8 rats
76 creatures vanquished.

Notes
Turn   | Place    | Note
-------+----------+-------------------------------------------
     0 | D:1      | Graphine the Kobold Brigand began the quest for the Orb.
     0 | D:1      | Reached XP level 1. HP: 12/12 MP: 1/1
    92 | D:1      | Found Seusaada's Antique Weapon Emporium.
   161 | D:1      | Noticed an animated gold dragon scales
   171 | D:1      | Reached XP level 2. HP: 7/18 MP: 2/2
   242 | D:1      | Found Amenip's Armour Shoppe.
   244 | D:1      | Noticed an animated storm dragon scales
   501 | D:1      | Found Ziestrocuy's Antique Armour Emporium.
   507 | D:1      | Reached XP level 3. HP: 20/22 MP: 3/3
   565 | D:1      | Found Eruokech's Book Emporium.
   623 | D:1      | Found Nenyohem's Jewellery Shop.
  1500 | D:2      | Reached XP level 4. HP: 27/27 MP: 4/4
  1856 | D:3      | Noticed a water elemental
  1856 | D:3      | Noticed a fire elemental
  1857 | D:3      | Found a stormy altar of Qazlal.
  1860 | D:3      | Noticed an air elemental
  1860 | D:3      | Noticed an earth elemental
  2018 | D:3      | Found a radiant altar of Vehumet.
  2176 | D:3      | Found a glowing golden altar of the Shining One.
  2274 | D:3      | Reached skill level 6 in Stealth
  2365 | D:3      | Found a faded altar of an unknown god.
  2691 | D:4      | Noticed a phantom
  2707 | D:4      | Found a staircase to the Ecumenical Temple.
  2712 | D:4      | Killed a phantom
  2713 | D:4      | Reached XP level 5. HP: 8/32 MP: 5/5
  2716 | Temple   | Entered the Ecumenical Temple
  2960 | Temple   | Became a worshipper of the Wu Jian Council
  3108 | D:1      | Bought a dazzling dagger for 119 gold pieces
  3108 | D:1      | Identified the +3 dagger "Syirah" {elec, rCorr Stlth+} (You
                  | bought it in a shop on level 1 of the Dungeon)
  3201 | D:4      | Noticed a water moccasin
  3204 | D:4      | Killed a water moccasin
  3205 | D:4      | Reached XP level 6. HP: 37/37 MP: 6/6
  3392 | D:4      | Noticed an ogre
  3394 | D:4      | Killed an ogre
  3395 | D:4      | Reached XP level 7. HP: 42/42 MP: 7/7
  3713 | D:4      | Found a runed translucent gate.
  3713 | D:4      | Found a runed translucent gate.
  3713 | D:4      | Found a runed translucent gate.
  3720 | D:4      | Noticed GeoRichter's ghost (amateur DsNe)
  3723 | D:4      | Killed GeoRichter's ghost
  3724 | D:4      | Reached skill level 5 in Short Blades
  3724 | D:4      | Reached skill level 7 in Stealth
  3861 | D:1      | Bought a scarf of shadows for 144 gold pieces
  3915 | D:5      | Entered Level 5 of the Dungeon
  3947 | D:5      | Slain by an iguana

Illustrated notes

Levels and vault maps discovered:
D:1:      nzn_arrival_crosshair, layout_basic, serial_shops,
          nicolae_shop_mannequins, nicolae_shop_tiny_waterfront,
          nicolae_book_shop_shelving, nicolae_diamond_shop,
          nicolae_shop_tiny_waterfront
D:2:      layout_basic, hangedman_glass_teeth
D:3:      layout_loops_ring, general_overflow_altar,
          nicolae_vehumet_altar_sigil, nicolae_qazlal_style_of_elements,
          hellmonk_ecumenical_altar_prayer_group
D:4:      layout_loops_ring, minmay_temple_entry_drinking_statues,
          ebering_ghost_rock_garden
D:5:      layout_basic, lemuel_doored_altar, serial_corexii_hall,
          corexii_hall_statues_t, corexii_hall_statues_x, grunt_decor_junction,
          nicolae_concentric_dashed_squares_wild, minmay_misc_feat_nine_boxes,
          grunt_tough_drop, uniq_prince_ribbit1
Temple:   nicolae_temple_two_arcs

Skill      XL: |  1  2  3  4  5  6  7 |
---------------+----------------------+-----
Short Blades   | 3 4 5 |  5.2
Dodging        | 2 3 4 |  4.2
Throwing       | 3 4 |  4.3
Stealth        | 6 7 |  7.2
Fighting       | 3 4 |  4.2

Action                     |  1- 3 |  4- 6 |  7- 9 || total
---------------------------+-------+-------+-------++-------
  Melee: Dagger            |    91 |    30 |    26 ||   147
         Short sword       |       |    25 |       ||    25
         Punch             |       |       |     1 ||     1
  Throw: Dart              |     1 |       |       ||     1
Ability: Lunge             |       |     4 |     4 ||     8
    Use: Scroll            |     3 |     7 |     1 ||    11
   Stab: Sleeping          |    17 |    21 |     3 ||    41
         Distracted        |       |     1 |       ||     1
 Armour: Robe              |    15 |     7 |       ||    22
  Dodge: Dodged            |    58 |    15 |    20 ||    93
